[Event "ICC tourney 1911 (25 10)"]
[Site "Internet Chess Club"]
[Date "2020.07.11"]
[Round "5"]
[White "KingSacrifice-1"]
[Black "RockroyalChess"]
[Result "0-1"]
[ICCResult "White checkmated"]
[WhiteElo "1398"]
[BlackElo "1328"]
[Opening "Vienna gambit"]
[ECO "C25"]
[NIC "VG.04"]
[Time "19:01:27"]
[TimeControl "1500+10"]

1. e4 e5 2. Nc3 Nc6 3. f4 d6 4. Bc4 Nf6 5. d3 h6 6. f5 g6 7. g4 Na5 8. g5
hxg5 9. Bxg5 Nxc4 10. dxc4 gxf5 11. Qf3 f4 12. h3 Be7 13. O-O-O Bd7 14. Nge2
Bc6 15. h4 Qd7 16. Rhf1 Qg4 17. Qd3 O-O-O 18. a4 Qe6 19. Nd5 Bxd5 20. cxd5
Qd7 21. Nc3 a6 22. b4 Ng8 23. b5 axb5 24. Nxb5 f6 25. Rf3 fxg5 26. Qc3 c6
27. Na7+ Kb8 28. dxc6 Qc7 29. Nb5 Qxc6 30. Qa5 Qa6 31. Qc7+ Ka8 32. Rd5 b6
33. Rc3 Qb7 34. Qxb7+ Kxb7 35. Rc7+ Kb8 36. Rc6 Nf6 37. Rxb6+ Kc8 38. Na7+
Kc7 39. Rc6+ Kd7 40. Rb5 Rb8 41. hxg5 Nxe4 42. Ra5 Rh1# {White checkmated}
0-1

[Event "ICC tourney 1911 (25 10)"]
[Site "Internet Chess Club"]
[Date "2020.07.11"]
[Round "5"]
[White "raghuraja"]
[Black "Armandollantas"]
[Result "0-1"]
[ICCResult "White resigns"]
[WhiteElo "1438"]
[BlackElo "1622"]
[Opening "King's Indian: 5.Be2"]
[ECO "E73"]
[NIC "KI.27"]
[Time "19:01:17"]
[TimeControl "1500+10"]

1. d4 Nf6 2. c4 g6 3. Nc3 Bg7 4. e4 d6 5. Be2 O-O 6. h4 c5 7. d5 e6 8. h5
exd5 9. cxd5 gxh5 10. Bxh5 b5 11. Bf3 Re8 12. Bg5 Nxe4 13. Bxe4 Qxg5 14. Rh5
Bxc3+ 15. Kf1 Qg7 16. Bxh7+ Kf8 17. bxc3 Bg4 18. Qc2 Bxh5 19. Bf5 Bg6 20.
Nf3 Qf6 21. Bxg6 Qxg6 22. Qd2 Nd7 23. Nh4 Qh7 24. Qf4 Ne5 25. g3 Nc4 26. Kg1
Re4 27. Qf6 Rxh4 28. gxh4 Qg7+ 29. Qxg7+ Kxg7 30. Re1 Ne5 31. Re3 Rh8 32.
Re4 Rxh4 33. Re3 a5 34. Kg2 f5 35. f3 Ra4 36. Re2 b4 37. f4 Nd3 38. cxb4
Nxf4+ {White resigns} 0-1

[Event "ICC tourney 1911 (25 10)"]
[Site "Internet Chess Club"]
[Date "2020.07.11"]
[Round "5"]
[White "poohfur"]
[Black "capetarget"]
[Result "1-0"]
[ICCResult "Black checkmated"]
[WhiteElo "1435"]
[BlackElo "1346"]
[Opening "Two knights defense (Modern bishop's opening)"]
[ECO "C55"]
[NIC "IG.01"]
[Time "19:01:26"]
[TimeControl "1500+10"]

1. e4 e5 2. Nf3 Nc6 3. Bc4 Nf6 4. d3 Be7 5. c3 O-O 6. Nbd2 d6 7. Bb3 Bg4 8.
h3 Bh5 9. Nf1 Na5 10. Bc2 Re8 11. g4 Bg6 12. Ng3 Bf8 13. h4 h5 14. g5 Ng4
15. Nd2 d5 16. Qe2 Bc5 17. Rf1 Qd6 18. b4 Bxf2+ 19. Rxf2 Nxf2 20. Kxf2 Qb6+
21. Kg2 Nc6 22. Nxh5 d4 23. Nc4 Qa6 24. Ng3 b5 25. Nd2 dxc3 26. Nf3 Nxb4 27.
Bb3 Rad8 28. h5 Bh7 29. g6 Bxg6 30. hxg6 Qxg6 31. Nh4 Qf6 32. Qg4 Nxd3 33.
Be3 Nf4+ 34. Bxf4 Qxf4 35. Qg6 Rd2+ 36. Kh3 Qh6 37. Qxf7+ Kh7 38. Qxe8 g5
39. Qg8# {Black checkmated} 1-0

[Event "ICC tourney 1911 (25 10)"]
[Site "Internet Chess Club"]
[Date "2020.07.11"]
[Round "5"]
[White "Leolix"]
[Black "tcrgm"]
[Result "1/2-1/2"]
[ICCResult "Game drawn by mutual agreement"]
[WhiteElo "1600"]
[BlackElo "1529"]
[Opening "QGD Slav: Dutch variation"]
[ECO "D18"]
[NIC "SL.04"]
[Time "19:01:16"]
[TimeControl "1500+10"]

1. d4 d5 2. c4 c6 3. Nf3 Nf6 4. Nc3 dxc4 5. a4 Bf5 6. e3 e6 7. Bxc4 Nbd7 8.
O-O Bd6 9. Qe2 O-O 10. e4 Bg4 11. e5 Bxf3 12. gxf3 Bc7 13. exf6 Qxf6 14. Qe4
Rad8 15. Be3 Nb6 16. Bd3 g6 17. Qg4 Nd5 18. Bg5 Qg7 19. Bxd8 Rxd8 20. Nxd5
Rxd5 21. Rfd1 Rh5 22. h3 Qh6 23. Kf1 Rxh3 24. Qe4 Rh4 25. f4 Rxf4 26. Qe3
Qh1+ 27. Ke2 Qh5+ 28. Kd2 Rf3 29. Qe2 Qg5+ 30. Kc2 Qf6 31. Be4 Rxf2 32. Qxf2
Qxf2+ 33. Rd2 Qf4 34. Bh1 Ba5 35. Rd3 Qf2+ 36. Kb3 Qe2 37. Rad1 Bb6 38. Bf3
Qh2 39. R1d2 Qd6 40. Ka2 Qb4 41. b3 Ba5 42. Rd1 Bb6 43. Be2 f5 44. R3d2 Ba5
45. Rc2 Bb6 46. Bc4 Kf7 47. Re2 c5 48. Rxe6 Kg7 49. Re7+ Kh6 50. Rh1+ Kg5
{Game drawn by mutual agreement}
1/2-1/2

[Event "ICC tourney 1911 (25 10)"]
[Site "Internet Chess Club"]
[Date "2020.07.11"]
[Round "5"]
[White "CoastalJourney"]
[Black "DanielA1926"]
[Result "1-0"]
[ICCResult "Black checkmated"]
[WhiteElo "1311"]
[BlackElo "1229"]
[Opening "Modern defense"]
[ECO "A40"]
[NIC "QO.17"]
[Time "19:01:21"]
[TimeControl "1500+10"]

1. d4 g6 2. c4 Bg7 3. Nc3 e6 4. Nf3 Nf6 5. Bg5 h6 6. Bxf6 Bxf6 7. e3 Bg7 8.
Be2 O-O 9. O-O c5 10. Re1 Nc6 11. Qd2 cxd4 12. exd4 Qf6 13. Rad1 Rd8 14. d5
exd5 15. cxd5 Ne7 16. Bc4 d6 17. Re2 Bg4 18. Ne4 Qxb2 19. Qxb2 Bxb2 20. Rxb2
Bxf3 21. gxf3 b6 22. Ba6 Nf5 23. Bb7 Rab8 24. Bc6 Rbc8 25. Ng3 Nh4 26. Rb3
Rc7 27. Rd4 Re7 28. Rxh4 Kg7 29. Ra4 h5 30. Rba3 h4 31. Rxa7 Rxa7 32. Rxa7
Rc8 33. Ne4 b5 34. Nxd6 h3 35. Nxc8 b4 36. d6 b3 37. axb3 g5 38. d7 g4 39.
d8=Q g3 40. Qg5+ Kf8 41. Qh6+ Kg8 42. Ne7# {Black checkmated} 1-0

[Event "ICC tourney 1911 (25 10)"]
[Site "Internet Chess Club"]
[Date "2020.07.11"]
[Round "5"]
[White "Mulan2009"]
[Black "AboardBuffalo"]
[Result "1-0"]
[ICCResult "Black resigns"]
[WhiteElo "1626"]
[BlackElo "1555"]
[Opening "Evans gambit"]
[ECO "C51"]
[NIC "IG.05"]
[Time "19:01:15"]
[TimeControl "1500+10"]

1. e4 e5 2. Nf3 Nc6 3. Bc4 Bc5 4. b4 Bxb4 5. c3 Bc5 6. d4 exd4 7. cxd4 Bb4+
8. Bd2 Bxd2+ 9. Nbxd2 d6 10. Qb3 Qe7 11. O-O Nf6 12. Rfe1 O-O 13. e5 Nh5 14.
Qb5 a6 15. Qb1 b5 16. Bd5 Bb7 17. Qe4 Qe8 18. Rac1 dxe5 19. dxe5 Rd8 20.
Bxc6 Bxc6 21. Qxc6 Qe7 22. Qxa6 Nf4 23. Rb1 Nd3 24. Rf1 Nxe5 25. Nxe5 Qxe5
26. Nf3 Qe2 27. Rfe1 Qc4 28. Rbc1 Qd5 29. Rxc7 Rfe8 30. Rxe8+ Rxe8 31. Rc1
Rd8 32. h3 h6 33. Qc6 Qxa2 34. Qxb5 Qe6 35. Qe5 Qxe5 36. Nxe5 Kf8 37. Rc7
Rd1+ 38. Kh2 f6 39. Ng6+ Kg8 40. Ne7+ Kh7 41. Nf5 Kg6 42. g4 Kg5 43. Kg3
Rd3+ 44. f3 {Black resigns} 1-0

[Event "ICC tourney 1911 (25 10)"]
[Site "Internet Chess Club"]
[Date "2020.07.11"]
[Round "5"]
[White "IndianTerritory"]
[Black "JunlinTheWorld"]
[Result "1-0"]
[ICCResult "Black resigns"]
[WhiteElo "1566"]
[BlackElo "1650"]
[Opening "Sicilian: accelerated fianchetto, modern variation"]
[ECO "B34"]
[NIC "SI.33"]
[Time "19:02:08"]
[TimeControl "1500+10"]

1. e4 c5 2. Nf3 Nc6 3. d4 cxd4 4. Nxd4 g6 5. Nc3 Bg7 6. Nxc6 bxc6 7. Be2 d6
8. O-O Nf6 9. Be3 O-O 10. Qd2 Ng4 11. Bxg4 Bxg4 12. h3 Bd7 13. Bh6 Bxh6 14.
Qxh6 Rb8 15. b3 Qb6 16. Rad1 Qc5 17. Rd3 f6 18. Qd2 Kg7 19. Re1 Qb4 20. Qe3
Qb6 21. Qd2 a5 22. Rg3 Qc5 23. Na4 Qa7 24. h4 Rb5 25. c4 Rh5 26. c5 dxc5 27.
e5 Rxe5 28. Rxe5 fxe5 29. Re3 Rf5 30. Qe1 c4 31. Rxe5 cxb3 32. Rxe7+ Kg8 33.
axb3 Qd4 34. Re4 Qa7 35. Qd2 Rf7 36. Nb2 Qc7 37. Nc4 Bf5 38. Re8+ Rf8 39.
Rxf8+ Kxf8 40. Nxa5 Be4 41. Qd4 Qf4 42. Qh8+ Kf7 43. Qxh7+ Kf6 44. Qh8+ Kf7
45. Qc3 Qxh4 46. Qc4+ Kg7 47. Nxc6 Qf4 48. b4 Qf5 49. Qd4+ Kh6 50. Qh8+ Kg5
51. g3 Qf3 52. Qh4+ {Black resigns} 1-0

[Event "ICC tourney 1911 (25 10)"]
[Site "Internet Chess Club"]
[Date "2020.07.11"]
[Round "5"]
[White "JadeTooth"]
[Black "Aarush37"]
[Result "1-0"]
[ICCResult "Black resigns"]
[WhiteElo "1242"]
[BlackElo "1292"]
[Opening "Ruy Lopez: exchange variation, 5.O-O"]
[ECO "C68"]
[NIC "RL.08"]
[Time "19:01:44"]
[TimeControl "1500+10"]

1. e4 e5 2. Nf3 Nc6 3. Bb5 a6 4. Bxc6 dxc6 5. O-O Bd6 6. d4 Qe7 7. dxe5 Bxe5
8. Nxe5 Qxe5 9. Qd3 Nf6 10. Rd1 Bd7 11. Nc3 O-O-O 12. Qg3 Qh5 13. f3 Qc5+
14. Qf2 Qxf2+ 15. Kxf2 Be6 16. Bg5 h6 17. Be3 Nd7 18. Rd2 Ne5 19. Rdd1 Nc4
20. Rab1 f5 21. Bd4 Rhg8 22. e5 g5 23. Ne2 f4 24. b3 Na3 25. Rbc1 Bf5 26. c4
Nc2 27. Bc3 Ne3 28. Re1 Rge8 29. g3 Nc2 30. Red1 fxg3+ 31. Nxg3 Bg6 32. Ne4
Bxe4 33. fxe4 Na3 34. Rxd8+ Rxd8 35. Bb4 Nb5 36. cxb5 cxb5 {Black resigns}
1-0

[Event "ICC tourney 1911 (25 10)"]
[Site "Internet Chess Club"]
[Date "2020.07.11"]
[Round "5"]
[White "langlglang"]
[Black "okalia"]
[Result "0-1"]
[ICCResult "White checkmated"]
[WhiteElo "1199"]
[BlackElo "1376"]
[Opening "King's Indian: Four pawns attack, dynamic line"]
[ECO "E76"]
[NIC "KI.31"]
[Time "19:01:18"]
[TimeControl "1500+10"]

1. d4 Nf6 2. c4 g6 3. Nc3 Bg7 4. e4 d6 5. f4 c5 6. d5 O-O 7. Nf3 e6 8. Bd3
exd5 9. cxd5 a6 10. O-O b5 11. Qe1 Re8 12. Qh4 Bb7 13. g4 c4 14. Bc2 b4 15.
Nd1 Qc8 16. h3 Nxe4 17. Bxe4 Rxe4 18. Ng5 Qc5+ 19. Kh1 Qxd5 20. Kh2 Re2+ 21.
Nf2 Qg2# {White checkmated} 0-1

[Event "ICC tourney 1911 (25 10)"]
[Site "Internet Chess Club"]
[Date "2020.07.11"]
[Round "5"]
[White "anshulg"]
[Black "natez"]
[Result "0-1"]
[ICCResult "White checkmated"]
[WhiteElo "1475"]
[BlackElo "1595"]
[Opening "Caro-Kann: classical, Spassky variation"]
[ECO "B11"]
[NIC "CK.12"]
[Time "19:01:15"]
[TimeControl "1500+10"]

1. e4 c6 2. Nc3 d5 3. Nf3 Bg4 4. h3 Bh5 5. d4 dxe4 6. Nxe4 Nd7 7. Ng3 Bg6 8.
h4 h6 9. h5 Bh7 10. Bd3 Bxd3 11. Qxd3 Qc7 12. Bd2 Ngf6 13. Ne4 O-O-O 14.
O-O-O e6 15. Nxf6 Nxf6 16. Qe2 Bd6 17. Ne5 c5 18. Nf3 Kb8 19. Kb1 Rc8 20. c3
Rhd8 21. Rh4 a6 22. dxc5 Qxc5 23. Be3 Qf5+ 24. Qd3 Qa5 25. Qc2 Nd5 26. Ra4
Qb5 27. Nd4 Nxc3+ 28. Qxc3 Qxa4 29. Qb3 Qxb3 30. Nxb3 Be7 31. Re1 Bb4 32.
Bf4+ Ka8 33. Re2 Rd1+ 34. Nc1 Rh1 35. g4 Rc4 36. Be3 Bc5 37. Bxc5 Rcxc1#
{White checkmated}
0-1

[Event "ICC tourney 1911 (25 10)"]
[Site "Internet Chess Club"]
[Date "2020.07.11"]
[Round "5"]
[White "Chessplayer44"]
[Black "sushivishwa"]
[Result "1/2-1/2"]
[ICCResult "Game drawn by repetition"]
[WhiteElo "1325"]
[BlackElo "1457"]
[Opening "Queen's pawn game"]
[ECO "A45"]
[NIC "QP.07"]
[Time "19:01:32"]
[TimeControl "1500+10"]

1. d4 Nf6 2. e3 e6 3. Bd3 d5 4. Nd2 Bd6 5. f4 c5 6. c3 Nc6 7. g3 b6 8. Ngf3
Bb7 9. O-O Qc7 10. Ne5 Nd7 11. Qh5 Nf6 12. Qf3 O-O-O 13. Nxc6 Bxc6 14. a4
Nd7 15. Qe2 f6 16. c4 e5 17. cxd5 Bxd5 18. e4 Bb7 19. fxe5 fxe5 20. d5 Rhf8
21. Nf3 Nf6 22. Ng5 Rde8 23. Ne6 Rxe6 24. dxe6 Re8 25. Bd2 Rxe6 26. a5 Re8
27. axb6 axb6 28. Ra7 Kb8 29. Rfa1 c4 30. Bxc4 Nxe4 31. Bb5 Rf8 32. Be3 Bc5
33. Bd3 Nd6 34. Rxb7+ Kxb7 35. Qg2+ e4 36. Bxe4+ Nxe4 37. Qxe4+ Kc8 38. Qe6+
Kb8 39. Rc1 Bxe3+ 40. Qxe3 Qd6 41. Qe4 Rc8 42. Rxc8+ Kxc8 43. Qa8+ Kd7 44.
Qb7+ Qc7 45. Qxc7+ Kxc7 46. Kf2 Kd6 47. Ke3 Ke5 48. h3 g5 49. g4 Kd5 50. Kd3
b5 51. Kc3 Kc5 52. b3 h6 53. b4+ Kd5 54. Kd3 Ke5 55. Ke3 Kd5 56. Kd3 Ke5 57.
Ke3 Kd5 58. Kd3 Ke5 59. Ke3 Kd5 60. Kd3 {Game drawn by repetition} 1/2-1/2

[Event "ICC tourney 1911 (25 10)"]
[Site "Internet Chess Club"]
[Date "2020.07.11"]
[Round "5"]
[White "Almanac2050"]
[Black "imranchamp"]
[Result "1-0"]
[ICCResult "Black checkmated"]
[WhiteElo "1621"]
[BlackElo "1457"]
[Opening "Sicilian: Pelikan, Chelyabinsk variation"]
[ECO "B33"]
[NIC "SI.37"]
[Time "19:01:21"]
[TimeControl "1500+10"]

1. e4 c5 2. Nf3 Nc6 3. d4 cxd4 4. Nxd4 Nf6 5. Nc3 e5 6. Ndb5 d6 7. Bg5 a6 8.
Na3 b5 9. Bxf6 gxf6 10. Nd5 Bg7 11. c4 b4 12. Nc2 a5 13. Nce3 Ne7 14. Be2
O-O 15. Bg4 Nxd5 16. cxd5 f5 17. Bxf5 Bxf5 18. Nxf5 Qg5 19. O-O Rad8 20. Rc1
Kh8 21. Rc6 Rg8 22. Qf3 Bf8 23. Rc7 f6 24. h3 h6 25. Rfc1 Rd7 26. Rc8 Rb7
27. h4 Qg6 28. R8c7 Rxc7 29. Rxc7 Qe8 30. g3 Qa4 31. Qh5 Qxa2 32. Nxh6 Qb1+
33. Kh2 Qg1+ 34. Kxg1 Rxg3+ 35. fxg3 f5 36. Nxf5+ Bh6 37. Qe8+ Bf8 38. Qxf8#
{Black checkmated}
1-0

[Event "ICC tourney 1911 (25 10)"]
[Site "Internet Chess Club"]
[Date "2020.07.11"]
[Round "5"]
[White "saisneha"]
[Black "chessisthebest1"]
[Result "0-1"]
[ICCResult "White resigns"]
[WhiteElo "1545"]
[BlackElo "1524"]
[Opening "QGD: exchange, positional line"]
[ECO "D35"]
[NIC "QO.16"]
[Time "19:01:29"]
[TimeControl "1500+10"]

1. d4 d5 2. c4 e6 3. Nc3 Nf6 4. cxd5 exd5 5. Bg5 Nbd7 6. e3 c6 7. Bd3 Be7 8.
Qc2 O-O 9. Nf3 Re8 10. O-O Nf8 11. Rab1 g6 12. b4 a6 13. a4 Ne6 14. Bh4 Ng7
15. b5 axb5 16. axb5 Bf5 17. bxc6 bxc6 18. Ne5 Bxd3 19. Qxd3 Qd6 20. Rb6
Rec8 21. Nb5 Qe6 22. Rc1 Qf5 23. Qxf5 Nxf5 24. Bxf6 cxb5 25. Rxc8+ Rxc8 26.
g3 Bxf6 27. Rxf6 Rb8 28. Rxf7 b4 29. Rc7 b3 30. Rc1 b2 31. Rb1 Nd6 32. Kf1
Ne4 33. Nf3 Nc3 34. Nd2 Nxb1 35. Nxb1 Ra8 36. Ke2 Ra1 37. Nc3 b1=Q 38. Nxb1
Rxb1 39. Kf3 Kf7 40. Kf4 Kf6 41. f3 g5+ 42. Kg4 Rh1 43. h4 gxh4 44. gxh4
Rg1+ 45. Kf4 Rd1 46. Kg4 Rd3 47. Kf4 h5 {White resigns} 0-1

[Event "ICC tourney 1911 (25 10)"]
[Site "Internet Chess Club"]
[Date "2020.07.11"]
[Round "5"]
[White "ReallyBadChess"]
[Black "msk2018"]
[Result "1-0"]
[ICCResult "Black checkmated"]
[WhiteElo "1216"]
[BlackElo "1453"]
[Opening "French defense"]
[ECO "C01"]
[NIC "FR.01"]
[Time "19:01:25"]
[TimeControl "1500+10"]

1. e4 e6 2. d4 b6 3. Nc3 Bb7 4. Be3 Nf6 5. f3 Be7 6. Qd2 O-O 7. O-O-O d6 8.
h4 Nbd7 9. h5 c5 10. Nge2 h6 11. g4 Nh7 12. Bg2 f5 13. Nf4 Ng5 14. Ng6 Rf7
15. gxf5 exf5 16. Nxe7+ Qxe7 17. Bxg5 Qxg5 18. d5 Qxd2+ 19. Rxd2 fxe4 20.
Nxe4 Ne5 21. Nxd6 Rd7 22. Nxb7 Rxb7 23. b3 Rd8 24. f4 Ng4 25. d6 Rbd7 26.
Bd5+ Kf8 27. Be6 Rxd6 28. Rxd6 Rxd6 29. Bxg4 Rf6 30. Rf1 Ke7 31. Re1+ Kf7
32. Re4 g6 33. Kd2 Rd6+ 34. Ke3 gxh5 35. Bxh5+ Kf6 36. Bg4 a5 37. c3 Rd5 38.
Re6+ Kg7 39. Re4 h5 40. Bh3 h4 41. f5 Kf6 42. Rxh4 Re5+ 43. Kf4 Re2 44. Rh6+
Kf7 45. Rxb6 Rxa2 46. Rb5 Rb2 47. Ke5 a4 48. bxa4 Rxb5 49. axb5 c4 50. b6
Ke7 51. b7 Kf7 52. b8=Q Ke7 53. Qc7+ Kf8 54. Kf6 Kg8 55. Qg7# {Black
checkmated} 1-0

[Event "ICC tourney 1911 (25 10)"]
[Site "Internet Chess Club"]
[Date "2020.07.11"]
[Round "5"]
[White "HarleyQueen8"]
[Black "rachael1120"]
[Result "1-0"]
[ICCResult "Black resigns"]
[WhiteElo "1515"]
[BlackElo "1452"]
[Opening "QGD: exchange, positional line"]
[ECO "D35"]
[NIC "QO.16"]
[Time "19:01:17"]
[TimeControl "1500+10"]

1. d4 Nf6 2. c4 e6 3. Nc3 d5 4. cxd5 exd5 5. Bg5 Be6 6. e3 Be7 7. Bd3 O-O 8.
Qc2 h6 9. Bh4 Nc6 10. a3 Qd7 11. Nge2 Rfe8 12. O-O Nh5 13. Bxe7 Qxe7 14. Qb3
Qd7 15. Rac1 Rab8 16. Na4 Bf5 17. Nc5 Qc8 18. Bb5 Nf6 19. Ng3 Be6 20. Nxe6
Qxe6 21. Qc3 Rec8 22. Bxc6 bxc6 23. b4 Rb6 24. Rc2 Rd8 25. Rfc1 a6 26. a4
Rc8 27. a5 Rb7 28. Qxc6 Qxc6 29. Rxc6 Rxb4 30. Rxa6 Ra4 31. h3 Kh7 32. Ra7
Kg6 33. Rc6 Ra1+ 34. Kh2 Ra2 35. Rc3 Rxf2 36. Ra3 Rb2 37. Ra6 Rb5 38. Rc6
Ra8 39. a6 Rb6 40. Rxb6 cxb6 41. Ne2 Ne4 42. Nf4+ Kf5 43. Nxd5 Nd6 44. Nxb6
Ra7 45. Kg3 Ke4 46. Kf2 h5 47. Ra5 g6 48. Ke2 f6 49. Na4 {Black resigns} 1-0

[Event "ICC tourney 1911 (25 10)"]
[Site "Internet Chess Club"]
[Date "2020.07.11"]
[Round "5"]
[White "abi2009"]
[Black "StevChess01"]
[Result "1-0"]
[ICCResult "Black checkmated"]
[WhiteElo "1394"]
[BlackElo "1270"]
[Opening "Sicilian: O'Kelly variation"]
[ECO "B28"]
[NIC "SI.43"]
[Time "19:01:13"]
[TimeControl "1500+10"]

1. e4 c5 2. Nf3 a6 3. d4 cxd4 4. Nxd4 Nf6 5. Nc3 e5 6. Nb3 Bb4 7. Bd3 d5 8.
exd5 Nxd5 9. Bd2 Nxc3 10. bxc3 Bd6 11. O-O Nd7 12. Qf3 O-O 13. Be4 Rb8 14.
Be3 Nf6 15. Bg5 Be7 16. Rad1 Qc7 17. Bxf6 Bxf6 18. Rd3 Be6 19. Rfd1 Bc4 20.
Rd6 Be6 21. Qe3 Rfc8 22. R1d3 Be7 23. Rxe6 fxe6 24. Qh3 Bf6 25. Qxe6+ Kh8
26. Rh3 h6 27. Qf5 Kg8 28. Bd5+ Kf8 29. Be6 Rd8 30. g3 Qc6 31. f3 Rd1+ 32.
Kg2 Qb5 33. c4 Qb6 34. c5 Qb5 35. c4 Qe8 36. Bd5 Qe7 37. Qh7 Ke8 38. Qg8+
Qf8 39. Qe6+ Kd8 40. Qb6+ Ke8 41. Na5 Rc8 42. Qe6+ Kd8 43. Nxb7+ Kc7 44.
Qb6+ Kd7 45. Be6+ Ke7 46. Bd5 Rd2+ 47. Kf1 Qe8 48. Qd6# {Black checkmated}
1-0

[Event "ICC tourney 1911 (25 10)"]
[Site "Internet Chess Club"]
[Date "2020.07.11"]
[Round "5"]
[White "ThunderingFish"]
[Black "soggydollar"]
[Result "0-1"]
[ICCResult "White resigns"]
[WhiteElo "1450"]
[BlackElo "1397"]
[Opening "R?ti: King's Indian attack (Barcza system)"]
[ECO "A07"]
[NIC "QP.09"]
[Time "19:01:33"]
[TimeControl "1500+10"]

1. Nf3 d5 2. g3 Nf6 3. Bg2 g6 4. O-O Bg7 5. d3 O-O 6. Nbd2 c5 7. e4 dxe4 8.
dxe4 Nc6 9. c3 Qc7 10. Qc2 b6 11. h4 Rd8 12. Re1 e5 13. Nf1 Ba6 14. Ng5 Bd3
15. Qa4 b5 16. Qa3 Bf8 17. b3 b4 18. Qb2 h6 19. Nh3 bxc3 20. Qxc3 c4 21. a3
Nd4 22. Ra2 Nxb3 23. Bb2 Nd4 24. Ba1 Rab8 25. Ne3 Rb3 26. Qc1 Nb5 27. Nd5
Nxd5 28. exd5 Nd4 29. Bxd4 exd4 30. Qd2 Rdb8 31. Nf4 Rb1 32. Nxd3 cxd3 33.
Rxb1 Rxb1+ 34. Kh2 Qc3 35. Be4 Rb3 36. a4 f5 37. Bf3 Kg7 38. Qf4 d2 39. Rxd2
Qxf3 40. Qxd4+ Kh7 41. Qxa7+ Bg7 42. d6 Rb1 {White resigns} 0-1